 Dungeon Crawl Stone Soup version 0.23.0 (webtiles) character file.

Game seed: 12631680343362432272

1393 Enish the Skirmisher (level 8, -1/73 HPs)
             Began as a Minotaur Berserker on Feb 17, 2019.
             Was a Believer of Trog.
             Slain by a hound (4 damage)
             ... while paralysed by Grinder
             ... on level 4 of the Dungeon.
             The game lasted 00:02:44 (4620 turns).

Enish the Skirmisher (Minotaur Berserker)           Turns: 4620, Time: 00:02:45

Health: -1/73      AC:  3    Str: 24    XL:     8   Next: 41%
Magic:  7/7        EV:  2    Int:  4    God:    Trog [**....]
Gold:   206        SH:  0    Dex: 10    Spells: 7/7 levels left

rFire    . . .     SeeInvis .   a - +0 hand axe
rCold    . . .     Gourm    .   (no shield)
rNeg     . . .     Faith    .   b - +0 animal skin
rPois    .         Spirit   .   (helmet restricted)
rElec    .         Reflect  .   d - +0 cloak
rCorr    .         Harm     .   (no gloves)
MR       .....                  (no boots)
Stlth    +.........             (no amulet)
HPRegen  0.22/turn              (no ring)
MPRegen  0.10/turn              (no ring)

@: paralysed
A: retaliatory headbutt, horns 2
a: Berserk, Trog's Hand, Renounce Religion


You were on level 4 of the Dungeon.
You worshipped Trog.
Trog was pleased with you.
You were not hungry.

You visited 1 branch of the dungeon, and saw 4 of its levels.

You collected 206 gold pieces.

Inventory:

Hand Weapons
 a - a +0 hand axe (weapon)
Armour
 b - a +0 animal skin (worn)
 d - a +0 cloak (worn)
   (You took it off Crazy Yiuf on level 2 of the Dungeon)
Jewellery
 g - an uncursed ring of resist corrosion {unknown}
   (You found it on level 1 of the Dungeon)
Scrolls
 h - 4 scrolls of teleportation {unknown}
 i - 5 scrolls of identify {unknown}
 j - a scroll of enchant armour {unknown}
 k - 2 scrolls of fear {unknown}
 m - 3 scrolls of enchant weapon {unknown}
 n - a scroll of random uselessness {unknown}
 o - a scroll of amnesia {unknown}
 s - a scroll of remove curse {unknown}
Potions
 c - 3 potions of heal wounds {unknown}
 f - a potion of haste {unknown}
 l - a potion of mutation {unknown}
 q - a potion of curing
 t - a potion of ambrosia
Comestibles
 e - a ration


   Skills:
 + Level 7.2 Fighting
 + Level 7.1 Axes
 + Level 6.6 Armour
 + Level 6.0 Dodging


You had 7 spell levels left.
You didn't know any spells.
Your spell library was empty.

Dungeon Overview and Level Annotations

Branches:
Dungeon (4/15)             Temple (0/1) D:4

Altars:
Gozag
Trog
The Shining One

Shops:
D:4 (

Annotations:
D:4 Grinder


Innate Abilities, Weirdness & Mutations

You reflexively headbutt those who attack you in melee.
You have a pair of horns on your head.


Message History

You miss something.
The hound barks!
You headbutt something. Pain shoots through your body! Something hits you!
You barely miss something. Your headbutt misses something.
Something hits you but does no damage.
You closely miss something. Pain shoots through your body!
You hit something. You closely miss the hound. The hound bites you.
You suddenly lose the ability to move!
The hound bites you. x2; Something hits you.
You writhe in agony.
* * * LOW HITPOINT WARNING * * *
The hound bites you.
* * * LOW HITPOINT WARNING * * *
Something hits you.
* * * LOW HITPOINT WARNING * * *
You writhe in agony.
* * * LOW HITPOINT WARNING * * *
The hound bites you.
You die...

#.. ...######≈≈≈≈≈≈≈≈#
##...#####...≈≈≈≈≈≈≈≈≈.. .
#.... ...####.#..≈≈≈....
#.##.... #..#..[...........
....... #.......#......(..
.....###.....#.#.....#.##
###...##....##.......####
.####...............#........
...........h@{..♣♣.♣♣##...#..
.......#.......♣#[#♣##..####
........#........'∩'..#....##
...##...##......♣#'#♣.....^##
##.....).......♣♣.♣♣...)#.##
#...†.$............#.......
#............#....###......
#######......###### ##.##..
#....[...# ####..


You could see a hound.

Vanquished Creatures
  Pikel (D:4)
  The ghost of LLavrengius the Chopper, an amateur HOFi of Makhleb (D:4)
  Edmund (D:4)
  A big kobold (D:4)
  Blork the orc (D:4)
  3 orc priests (D:4)
  6 orc wizards (D:4)
  Crazy Yiuf (D:2)
  3 worker ants (D:4)
  3 gnolls (D:4)
  5 adders
  An ooze (D:3)
  2 worms
  A dart slug (D:1)
  A leopard gecko (D:4)
  14 orcs
  2 giant cockroaches
  8 goblins
  8 hobgoblins
  12 jackals
  3 quokkas
  A ball python (D:3)
  12 bats
  3 frilled lizards
  7 kobolds
  6 rats
107 creatures vanquished.

Vanquished Creatures (others)
  2 slaves (D:4)
  A worm (D:4)
  A kobold (D:4)
4 creatures vanquished.

Grand Total: 111 creatures vanquished

Notes
Turn   | Place    | Note
-------+----------+-------------------------------------------
     0 | D:1      | Enish the Minotaur Berserker began the quest for the Orb.
     0 | D:1      | Reached XP level 1. HP: 19/19 MP: 0/0
   496 | D:1      | Reached XP level 2. HP: 26/27 MP: 1/1
  1100 | D:2      | Reached XP level 3. HP: 33/33 MP: 2/2
  1468 | D:2      | Found a runed translucent door.
  1469 | D:2      | Noticed Crazy Yiuf
  1736 | D:2      | Found a bloodstained altar of Trog.
  1762 | D:2      | Found a glowing golden altar of the Shining One.
  1883 | D:2      | Killed Crazy Yiuf
  1939 | D:3      | Reached ** piety under Trog
  1939 | D:3      | Reached XP level 4. HP: 41/41 MP: 3/3
  2079 | D:3      | Found an opulent altar of Gozag.
  2801 | D:3      | Reached XP level 5. HP: 47/47 MP: 4/4
  3214 | D:4      | Reached skill level 5 in Fighting
  3405 | D:4      | Found a staircase to the Ecumenical Temple.
  3414 | D:4      | Reached skill level 5 in Axes
  3416 | D:4      | Reached XP level 6. HP: 56/56 MP: 5/5
  3914 | D:4      | Found a transporter.
  3921 | D:4      | Noticed Blork the orc
  3939 | D:4      | Killed Blork the orc
  3948 | D:4      | Found a transporter.
  3948 | D:4      | Noticed LLavrengius's ghost (amateur HOFi)
  3958 | D:4      | Reached skill level 5 in Armour
  3958 | D:4      | Reached XP level 7. HP: 21/62 MP: 6/6
  3960 | D:4      | Reached *** piety under Trog
  4217 | D:4      | Killed LLavrengius's ghost
  4281 | D:4      | Noticed Edmund
  4287 | D:4      | Found Bauchowa's Weapon Emporium.
  4292 | D:4      | Noticed Pikel
  4296 | D:4      | Killed Edmund
  4296 | D:4      | Reached skill level 5 in Dodging
  4299 | D:4      | Killed Pikel
  4299 | D:4      | Reached XP level 8. HP: 24/73 MP: 7/7
  4601 | D:4      | Noticed Grinder
  4605 | D:4      | Paralysed by something for 3 turns
  4617 | D:4      | Paralysed by something for 3 turns
  4619 | D:4      | HP: 3/73 [something (4)]
  4620 | D:4      | Slain by a hound

Skill      XL: |  1  2  3  4  5  6  7  8 |
---------------+-------------------------+-----
Fighting       | 4 5 7 |  7.2
Axes           | 4 5 7 |  7.1
Armour         | 3 4 5 6 |  6.6
Dodging        | 3 4 5 6 |  6.0

Action                   |  1- 3 |  4- 6 |  7- 9 || total
-------------------------+-------+-------+-------++-------
Melee: Hand axe          |    42 |   146 |    39 ||   227
       Headbutt          |     8 |    13 |    12 ||    33
Invok: Berserk           |     1 |     3 |     2 ||     6
       Trog's Hand       |       |     6 |     3 ||     9
  Use: Potion            |       |       |     4 ||     4
 Stab: Sleeping          |       |     1 |       ||     1
  Eat: Chunk             |     3 |     7 |       ||    10
       Ration            |       |     1 |     2 ||     3
Armor: Animal skin       |     6 |    35 |     4 ||    45
Dodge: Dodged            |    34 |   128 |    19 ||   181
